 Dungeon Crawl Stone Soup version 0.32-a0-699-g1ee5eff69a (webtiles) character file.

Game seed: 2779142651764284045

676 BeKind the Chiller (level 7, 0/43 HPs)
             Began as an Octopode Ice Elementalist on Mar 13, 2024.
             Shot with an arrow by a centaur (9 damage)
             ... on level 5 of the Dungeon.
             The game lasted 00:05:13 (3284 turns).

BeKind the Chiller (Octopode Ice Elementalist)      Turns: 3284, Time: 00:05:13

Health: 0/43       AC:  1    Str:  8    XL:     7   Next: 59%
Magic:  10/12      EV: 13    Int: 19    God:
Gold:   245        SH:  0    Dex: 12    Spells: 2/13 levels left

rFire   . . .        b - +0 dagger
rCold   . . .        (no shield)
rNeg    . . .        (helmet restricted)
rPois   .            (no amulet)
rElec   .            j - ring of resist corrosion
rCorr   +            r - ring of willpower
SInv    .            (no ring)
Will    +....        (no ring)
Stlth   +++          (no ring)
HPRegen 0.27/turn    (no ring)
MPRegen 0.13/turn    (no ring)
                     (no ring)

%: no passive effects
@: about to teleport, marked
A: almost no armour, amphibious, 8 rings, camouflage 1, gelatinous body 1,
(nimble swimmer 1), tentacles
a: no special abilities


You were on level 5 of the Dungeon.
You visited 1 branch of the dungeon, and saw 5 of its levels.

You collected 245 gold pieces.

Inventory:

Hand Weapons
 b - a +0 dagger (weapon)
Jewellery
 j - a ring of resist corrosion (left tentacle)
 r - a ring of willpower (right tentacle)
Wands
 s - a wand of flame (13)
Scrolls
 e - a scroll of fog
 f - 2 scrolls of butterflies
 i - a scroll of vulnerability
 k - a scroll of enchant weapon {unknown}
 m - a scroll of immolation {unknown}
 o - a scroll of fear
 p - 2 scrolls of revelation {unknown}
Potions
 a - a potion of magic
 c - 5 potions of curing {unknown}
 d - 3 potions of lignification {unknown}
 g - a potion of mutation {unknown}
 l - a potion of enlightenment {unknown}
 n - a potion of resistance {unknown}
 q - a potion of brilliance {unknown}
 u - a potion of degeneration {unknown}


   Skills:
 + Level 1.2 Fighting
 + Level 4.1 Dodging
 - Level 3.0 Stealth
 + Level 3.8 Spellcasting
 * Level 3.9 Summonings
 + Level 5.4 Ice Magic
 + Level 1.0 Air Magic


You had 2 spell levels left.
You knew the following spells:

 Your Spells              Type           Power      Damage    Failure   Level
a - Freeze                Ice            96%        1d10      1%          1
b - Frozen Ramparts       Ice            48%        1d8       4%          3
c - Summon Ice Beast      Ice/Summ       21%        N/A       6%          3
d - Summon Lightning Spi  Summ/Air       13%        N/A       45%         4

Your spell library contained the following spells:

 Spells                   Type           Power      Damage    Failure   Level
 Shock                    Conj/Air       20%        1d4       11%         1
 Static Discharge         Conj/Air       10%        3-4/arc   17%         2
 Ozocubu's Armour         Ice            24%        N/A       4%          3
 Swiftness                Air            7%         N/A       26%         3
 Airstrike                Air            3%         2d(1-17)  65%         4


Dungeon Overview and Level Annotations

Branches:
Dungeon (5/15)
 Temple: D:4-7

Altars:
Cheibriados
Elyvilon
Fedhas
Vehumet
Yredelemnul

Shops:
D:1 =

Annotations:
D:4 2 transporters


Innate Abilities, Weirdness & Mutations

You cannot wear most types of armour.
You are amphibious.
You can wear up to eight rings at the same time.
Your skin changes colour to match your surroundings (Stealth+).
Your rubbery body absorbs attacks. (AC +1, EV +1)
((You are camouflaged when in or above water. (Stealth+)))
You have tentacles for arms and can constrict up to eight enemies at once.


Message History

You see here a water moccasin skeleton.
There is a stone staircase leading down here.
As you read the scroll of identify, it crumbles to dust.
h - a scroll of teleportation
As you read the scroll of identify, it crumbles to dust.
i - a scroll of vulnerability You climb downwards.
A malevolent force fills the Dungeon...
With a horrendous wail, an alarm goes off!
A sentinel's mark forms upon you.
You hear a shout!
You hear an angry hiss.
You hear a shout! x6
You hear an angry hiss.
You hear a croak.
You hear a shout! x2
Found 5 gold pieces.
Found a stone staircase leading down.
There is a stone staircase leading up here.
Okay, then.
Casting: Freeze (safe; 1% risk of failure)
Confirm with . or Enter, or press ? or * to list all spells.
A chill wind blows around you.
A centaur comes into view.
A centaur is nearby!
A centaur is nearby!
A centaur comes into view.
The centaur wields a +0 shortbow.
The centaur shoots an arrow.
The arrow misses you.
A troll comes into view.
The centaur shoots an arrow.
The arrow barely misses you.
The centaur wields a +0 orcbow.
The centaur shoots an arrow.
The arrow hits you!
As you read the scroll of teleportation, it crumbles to dust.
You feel strangely unstable.
The centaur shoots an arrow.
The arrow completely misses you.
The centaur shoots an arrow.
The arrow barely misses you.
The centaur shoots an arrow.
The arrow misses you.
The centaur shoots an arrow.
The arrow hits you!
The centaur shoots an arrow.
The arrow barely misses you.
The centaur shoots an arrow.
The arrow misses your ice beast. The arrow hits you.
* * * LOW HITPOINT WARNING * * *
The centaur shoots an arrow.
The arrow closely misses you.
The centaur shoots an arrow.
The arrow hits your ice beast!
The centaur shoots an arrow.
The arrow hits you!
You die...

....... #
#....... .#
#......# ##.# . .
#...cc.##...#..
..##............#
..............##
.........Y.....#
....#....@>.# .##
#.........##....
#........#.....#
..#.....T<.....#
#..#...##.....#
....##... ##...#
.... #..... ....
.## #..$.. ...
#......


You could see a troll, 2 centaurs and a friendly ice beast (summoned).

Vanquished Creatures
  A water moccasin (D:4)
  A jelly (D:4)
  A hound (D:4)
  2 iguanas (D:4)
  Terence (D:2)
  An orc wizard (D:3)
  A sleepcap (D:4)
  4 adders
  A dart slug (D:2)
  A ribbon worm (D:4)
  6 orcs
  5 ball pythons
  8 bats
  4 endoplasms
  3 giant cockroaches
  3 hobgoblins
  4 quokkas
  2 frilled lizards
  5 goblins
  3 kobolds
  5 rats
62 creatures vanquished.

Vanquished Creatures (collateral kills)
  Sigmund (D:2)
  A black bear (D:4)
  An orc priest (D:3)
  A dart slug (D:4)
  A ribbon worm (D:4)
  An orc (D:3)
  A goblin (D:3)
7 creatures vanquished.

Grand Total: 69 creatures vanquished

Notes
Turn   | Place    | Note
-------+----------+-------------------------------------------
     0 | D:1      | BeKind the Octopode Ice Elementalist began the quest for
                  | the Orb.
     0 | D:1      | Reached XP level 1. HP: 11/11 MP: 3/3
   136 | D:1      | Found Cuhugguc's Jewellery Boutique.
   202 | D:1      | Reached XP level 2. HP: 12/17 MP: 5/5
   768 | D:2      | Reached XP level 3. HP: 21/21 MP: 6/6
   772 | D:2      | Learned a level 3 spell: Frozen Ramparts
  1334 | D:2      | Noticed Terence
  1342 | D:2      | Killed Terence
  1343 | D:2      | Reached XP level 4. HP: 26/27 MP: 1/8
  1580 | D:2      | Noticed Sigmund
  1599 | D:3      | Learned a level 3 spell: Summon Ice Beast
  1748 | D:3      | Found a snail-covered altar of Cheibriados.
  2112 | D:2      | Killed Sigmund
  2113 | D:2      | Reached XP level 5. HP: 15/31 MP: 2/9
  2113 | D:2      | Reached XP level 6. HP: 17/36 MP: 2/10
  2118 | D:2      | Learned a level 4 spell: Summon Lightning Spire
  2300 | D:3      | Found a radiant altar of Vehumet.
  2300 | D:3      | Noticed an orc warrior
  2314 | D:3      | Reached skill level 5 in Ice Magic
  2398 | D:4      | Noticed a black bear
  2408 | D:4      | Killed a black bear
  2414 | D:4      | Reached XP level 7. HP: 31/41 MP: 4/12
  2451 | D:4      | Found a blossoming altar of Fedhas.
  2634 | D:4      | Found a basalt altar of Yredelemnul.
  2990 | D:4      | Reached skill level 1 in Fighting
  2990 | D:4      | Reached skill level 1 in Air Magic
  3061 | D:4      | Found a transporter.
  3063 | D:4      | Found a white marble altar of Elyvilon.
  3064 | D:4      | Found a transporter.
  3275 | D:5      | Entered Level 5 of the Dungeon
  3281 | D:5      | Noticed a troll
  3284 | D:5      | Shot with an arrow by a centaur

Illustrated notes

Levels and vault maps discovered:
D:1:      dpeg_arrival_windows_large_door, layout_basic, serial_shops,
          nicolae_shop_gaudy_bauble
D:2:      layout_basic, uniq_terence, uniq_sigmund
D:3:      layout_rooms, cheibriados_altar_1, mainiacjoe_overflow_tiny_flanked,
          kennysheep_generic_room_16
D:4:      layout_gridville, elyvilon_altar_4, fedhas_altar_2,
          mainiacjoe_overflow_24_doors, uniq_crazy_yiuf_cottage
D:5:      layout_cave_pools, general_overflow_altar, minmay_temple_entry_tees,
          minmay_manual_mares

Skill      XL: |  1  2  3  4  5  6  7 |
---------------+----------------------+-----
Stealth        | 3 |  3.0
Dodging        | 3 4 |  4.1
Spellcasting   | 3 |  3.8
Summonings     | 2 3 |  3.9
Ice Magic      | 5 |  5.4
Fighting       | 1 |  1.2
Air Magic      | 1 |  1.0

Action                     |  1- 3 |  4- 6 |  7- 9 || total
---------------------------+-------+-------+-------++-------
  Melee: Dagger            |    42 |    31 |    28 ||   101
         Tentacles         |    11 |     6 |     8 ||    25
         Constrict         |    11 |     7 |     6 ||    24
   Cast: Freeze            |     2 |     8 |    17 ||    27
         Frozen Ramparts   |     1 |     2 |       ||     3
         Summon Ice Beast  |       |     4 |     1 ||     5
    Use: Scroll            |       |       |     6 ||     6
   Stab: Sleeping          |     9 |     5 |     1 ||    15
 Armour: Skin              |    17 |    19 |    20 ||    56
  Dodge: Dodged            |    18 |    12 |    33 ||    63

Table legend: (Time is in decaauts)
 A = Elapsed time spent in this place.
 B = Non-inter-level travel time spent in this place.
 C = Inter-level travel time spent in this place.
 D = Time resting spent in this place.
 E = Time spent auto-exploring this place.
 F = Levels seen in this place.
 G = Mean time per level.
                   A        B        C        D        E       F      G
               +--------+--------+--------+--------+--------+-----+--------+
         Total |   3282 |   3150 |    132 |      0 |   2669 |   5 |  656.4 |
       Dungeon |   3282 |   3150 |    132 |      0 |   2669 |   5 |  656.4 |
               +--------+--------+--------+--------+--------+-----+--------+

Top non-repeatable levels by time:
     D:2: 1104 daAuts
     D:4: 951 daAuts
     D:1: 643 daAuts
     D:3: 573 daAuts
     D:5: 8 daAuts
